 Dungeon Crawl Stone Soup version 0.31-a0-875-g02e7d12df6 (webtiles) character file.

Game seed: 18052644341015919809

368 benadryl the Skirmisher (level 7, 0/38 (42) HPs)
             Began as a Kobold Hunter on Oct 12, 2023.
             Was a Follower of Okawaru.
             Slain by a wight
             ... wielding a +3 mace
              (7 damage)
             ... on level 6 of the Dungeon.
             The game lasted 00:03:30 (2191 turns).

benadryl the Skirmisher (Kobold Hunter)             Turns: 2191, Time: 00:03:31

HP:   0/38 (42)     AC:  4    Str:  8    XL:     7   Next: 1%
MP:   16/16         EV: 14    Int: 10    God:    Okawaru [*.....]
Gold: 81            SH:  0    Dex: 21    Spells: 6/6 levels left

rFire   . . .        a - +1 shortbow (drain)
rCold   . . .        (shield currently unavailable)
rNeg    . . .        c - +0 leather armour
rPois   .            (no helmet)
rElec   .            (no cloak)
rCorr   +            (no gloves)
SInv    .            n - +0 pair of boots
Will    .....        (no amulet)
Stlth   +++          m - ring of magical power
HPRegen 0.26/turn    g - ring of resist corrosion
MPRegen 0.15/turn

%: no passive effects
@: drained
A: small, no large weapons, nightstalker 3
a: Renounce Religion, Heroism


You were on level 6 of the Dungeon.
You worshipped Okawaru.
Okawaru was aware of your devotion.
You visited 2 branches of the dungeon, and saw 5 of its levels.

You collected 81 gold pieces.

Inventory:

Hand Weapons
 a - a +1 shortbow of draining (weapon)
 l - the +2 mace "Bizix" {flame, rF++ rN++}
   (You found it on level 2 of the Dungeon)

   rF++:      It greatly protects you from fire.
   rN++:      It greatly protects you from negative energy.
Armour
 c - a +0 leather armour (worn)
 n - a +0 pair of boots (worn)
Jewellery
 g - a ring of resist corrosion (right hand)
 m - a ring of magical power (left hand)
Scrolls
 b - a scroll of butterflies
 d - a scroll of blinking
 e - a scroll of identify {@r1}
 h - a scroll of brand weapon
 j - a scroll of poison {unknown}
 k - a scroll of fear
 p - a scroll of enchant weapon
Potions
 f - 2 potions of attraction
 i - a potion of curing {@q1}
 o - a potion of berserk rage


   Skills:
 - Level 3.7 Fighting
 * Level 9.5 Ranged Weapons
 - Level 2.4 Dodging
 - Level 1.3 Stealth


You had 6 spell levels left.
You didn't know any spells.
Your spell library was empty.

Dungeon Overview and Level Annotations

Branches:
Dungeon (6/15)             Temple (1/1) D:6

Altars:
Dithmenos
Elyvilon
Fedhas
Hepliaklqana
Makhleb
Nemelex Xobeh
Okawaru
Qazlal
Ru
Sif Muna
Trog
Uskayaw
Vehumet
Wu Jian
Xom
Zin


Innate Abilities, Weirdness & Mutations

You are small and have problems with some larger weapons.
You are completely attuned to the shadows.


Message History

The wight hits you with a +3 mace.
Fire: a) +1 shortbow (drain)
Press: ? - help, Q - select action, (/) - cycle Shift-Dir - straight line, f/p - wight
Aim: a wight, wielding a +3 mace and wearing a +0 robe (severely damaged, 68% to hit)
You shoot an arrow.
The arrow hits the wight but does no damage.
The wight is severely damaged.
The wight hits you with a +3 mace.
You feel drained.
Fire: a) +1 shortbow (drain)
Press: ? - help, Q - select action, (/) - cycle Shift-Dir - straight line, f/p - wight
Aim: a wight, wielding a +3 mace and wearing a +0 robe (severely damaged, 68% to hit)
You shoot an arrow.
The arrow hits the wight but does no damage.
The wight is severely damaged.
The wight hits you with a +3 mace!
* * * LOW HITPOINT WARNING * * *
You feel drained.
Fire: a) +1 shortbow (drain)
Press: ? - help, Q - select action, (/) - cycle Shift-Dir - straight line, f/p - wight
Aim: a wight, wielding a +3 mace and wearing a +0 robe (severely damaged, 68% to hit)
You shoot an arrow. The arrow completely misses the wight.
The wight closely misses you.
Fire: a) +1 shortbow (drain)
Press: ? - help, Q - select action, (/) - cycle Shift-Dir - straight line, f/p - wight
Aim: a wight, wielding a +3 mace and wearing a +0 robe (severely damaged, 68% to hit)
You shoot an arrow. The arrow hits the wight.
The wight is severely damaged.
The wight hits you with a +3 mace.
* * * LOW HITPOINT WARNING * * *
It was a potion of curing.
You feel better. The wight hits you with a +3 mace!
* * * LOW HITPOINT WARNING * * *
Okay, then.
Fire: a) +1 shortbow (drain)
Press: ? - help, Q - select action, (/) - cycle Shift-Dir - straight line, f/p - wight
Aim: a wight, wielding a +3 mace and wearing a +0 robe (severely damaged, 68% to hit)
You shoot an arrow.
The arrow hits the wight but does no damage.
The wight is severely damaged.
The wight hits you with a +3 mace!
You die...

###.#+# #########
....#.# #.......#
_...#.###.......#
................#
####.......))...#
#####........#####
...[.........)#
..............#
....†......z@.#
.>............#
..............####
..#####.##........
#.##........ #####
.#........ #....
.......... #....
.###.##### #.|..
.###.##########
#....


You could see a wight.

Vanquished Creatures
  A phantom (D:6)
  A bullfrog (D:6)
  2 hounds (D:6)
  An iguana (D:6)
  3 orc wizards (D:6)
  2 adders
  An ufetubus (D:6)
  6 orcs
  2 endoplasms (D:1)
  4 giant cockroaches (D:1)
  2 goblins (D:1)
  5 hobgoblins
  A quokka (D:1)
  A ball python (D:1)
  A bat (D:1)
  2 frilled lizards
  4 kobolds
  2 rats
41 creatures vanquished.

Notes
Turn   | Place    | Note
-------+----------+-------------------------------------------
     0 | D:1      | benadryl the Kobold Hunter began the quest for the Orb.
     0 | D:1      | Reached XP level 1. HP: 12/12 MP: 1/1
   154 | D:1      | Reached XP level 2. HP: 18/18 MP: 2/2
   309 | D:1      | Reached skill level 6 in Ranged Weapons
   335 | D:1      | Reached XP level 3. HP: 22/22 MP: 3/3
   774 | D:2      | Identified the +2 mace "Bizix" {flame, rF++ rN++}
  1668 | D:3      | Reached XP level 4. HP: 28/28 MP: 4/4
  1683 | D:3      | You fall into a shaft and drop 3 floors!
  1683 | D:6      | Found a staircase to the Ecumenical Temple.
  1686 | Temple   | Entered the Ecumenical Temple
  1693 | Temple   | Became a worshipper of Warmaster Okawaru
  1771 | D:6      | Reached skill level 7 in Ranged Weapons
  1771 | D:6      | Reached XP level 5. HP: 20/32 MP: 5/5
  1935 | D:6      | Noticed a phantom
  1943 | D:6      | Killed a phantom
  1944 | D:6      | Reached skill level 8 in Ranged Weapons
  1944 | D:6      | Reached XP level 6. HP: 33/38 MP: 6/6
  2129 | D:6      | Reached * piety under Okawaru
  2130 | D:6      | Reached skill level 9 in Ranged Weapons
  2164 | D:6      | Found a hide-covered altar of Uskayaw.
  2164 | D:6      | Noticed a +0 dagger
  2176 | D:6      | Reached XP level 7. HP: 42/42 MP: 7/7
  2191 | D:6      | Slain by a wight

Illustrated notes

Levels and vault maps discovered:
D:1:      scummos_arrival_star, layout_rooms, minmay_ruptured
D:2:      layout_basic
D:3:      layout_loops_corners
D:6:      layout_basic, dancing_weapons_uskayaw, minmay_temple_entry_tees
Temple:   nicolae_temple_no_exploring_needed

Skill      XL: |  1  2  3  4  5  6 |
---------------+-------------------+-----
Ranged Weapons | 6 7 8 9 |  9.5
Fighting       | 3 |  3.7
Dodging        | |  2.4
Stealth        | |  1.3

Action                     |  1- 3 |  4- 6 |  7- 9 || total
---------------------------+-------+-------+-------++-------
  Melee: Mace              |       |     2 |       ||     2
   Fire: Shortbow          |    69 |    52 |     8 ||   129
    Use: Scroll            |     9 |       |       ||     9
         Potion            |       |     1 |     1 ||     2
 Armour: Leather armour    |     4 |    23 |     7 ||    34
  Dodge: Dodged            |    16 |    14 |     1 ||    31

Table legend: (Time is in decaauts)
 A = Elapsed time spent in this place.
 B = Non-inter-level travel time spent in this place.
 C = Inter-level travel time spent in this place.
 D = Time resting spent in this place.
 E = Time spent auto-exploring this place.
 F = Levels seen in this place.
 G = Mean time per level.
                   A        B        C        D        E       F      G
               +--------+--------+--------+--------+--------+-----+--------+
         Total |   2203 |   2118 |     85 |      0 |   1851 |   5 |  440.6 |
       Dungeon |   2188 |   2116 |     72 |      0 |   1851 |   4 |  547.0 |
        Temple |     14 |      1 |     13 |      0 |      0 |   1 |   14.0 |
               +--------+--------+--------+--------+--------+-----+--------+

Top non-repeatable levels by time:
     D:2: 992 daAuts
     D:1: 533 daAuts
     D:6: 494 daAuts
     D:3: 167 daAuts
  Temple: 14 daAuts
